 Dungeon Crawl Stone Soup version 0.14-a0-759-g26e2352 (webtiles) character file.

105 PolkaDot the Vexing (level 3, -1/24 HPs)
             Began as a Vampire Enchanter on Nov 8, 2013.
             Killed from afar by Ijyb (10 damage)
             ... with a wand of magic darts
             ... on Level 2 of the Dungeon.
             The game lasted 00:03:17 (862 turns).

PolkaDot the Vexing (Vampire Enchanter)              Turns: 862, Time: 00:03:17

HP  -1/24        AC  3     Str  7      XL: 3   Next: 60%
MP   2/6         EV 12     Int 17      God:
Gold 53          SH  0     Dex 15      Spells:  2 memorised,  0 levels left

Res.Fire  : . . .   See Invis. : +   a - +2,+0 short sword (speed)
Res.Cold  : . . .   Warding    : .   b - +1 robe
Life Prot.: . . .   Conserve   : .   (no shield)
Res.Poison: .       Res.Corr.  : .   (no helmet)
Res.Elec. : .       Clarity    : .   (no cloak)
Sust.Abil.: . .     Spirit.Shd : .   (no gloves)
Res.Mut.  : .       Stasis     : .   (no boots)
Res.Rott. : .       Flight     : .   (no amulet)
Saprovore : . . .                    (no ring)
                                     (no ring)

@: regenerating quickly, slightly resistant to hostile enchantments, stealthy
A: fangs 3, see invisible, unbreathing
a: no special abilities


You were on level 2 of the Dungeon.
You were very full.

You visited 1 branch of the dungeon, and saw 2 of its levels.

You collected 53 gold pieces.

Inventory:

Hand weapons
 a - a +2,+0 short sword of speed (weapon)
Missiles
 d - 12 darts (quivered)
Armour
 b - a +1 robe (worn)
Scrolls
 e - a scroll of enchant weapon I {unknown}
 f - 3 scrolls of identify {unknown}
 g - a scroll of amnesia {unknown}
 i - 2 scrolls of teleportation {unknown}
 j - a scroll of curse weapon {unknown}
Books
 c - a book of Maledictions

   Spells                             Type                      Level
   *Corona                            Hexes                        1
   Sure Blade                         Hexes/Charms                 2
   Ensorcelled Hibernation            Hexes/Ice                    2
   *Confuse                           Hexes                        3
   Enslavement                        Hexes                        4
   Invisibility                       Hexes                        6


   Skills:
 * Level 2.8 Short Blades
 - Level 0.7 Throwing
 - Level 2.1 Dodging
 + Level 4.1 Stealth
 - Level 1.0 Spellcasting
 + Level 5.0 Hexes


You couldn't memorise any spells.
You knew the following spells:

 Your Spells              Type           Power        Failure   Level  Hunger
a - Corona                Hex            ###....      2%          1    ##.....
C - Confuse               Hex            ###.....     10%         3    ####...


Dungeon Overview and Level Annotations

Branches:
Dungeon (2/27)

Altars:

Annotations:
D:2 Ijyb


Innate Abilities, Weirdness & Mutations

Your natural rate of healing is unusually fast.
You have razor-sharp teeth.*
You have supernaturally acute eyesight.
You can survive without breathing.*


Message History

Ijyb hits you but does no damage.
You barely miss Ijyb.
Ijyb is severely wounded.
You hit Ijyb but do no damage.
Ijyb is severely wounded.
Ijyb barely misses you.
You completely miss Ijyb. You bite Ijyb, but do no damage.
Ijyb is severely wounded.
You hit Ijyb but do no damage.
Ijyb is severely wounded.
Ijyb zaps a wand.
The magic dart hits you!
Drink which item? (? for menu, Esc to quit)
You feel refreshed.
It was a potion of restore abilities.
Ijyb hits you but does no damage.
You barely miss Ijyb. Your bite misses Ijyb.
Ijyb is severely wounded.
You hit Ijyb but do no damage.
Ijyb is severely wounded.
Ijyb zaps a wand.
The magic dart hits you!
You die...

#.##.##.#
#.##.##.#
#.......#
#.##.##.# .
.#....##.#
#.##.#.......#
#.##.##.####.#
##.##.##.####.##
##...#........@.#
##.....##.....g>##
#.......#..######
#.......#..#
#..........#
##.....#.#.#
#....##.#.#
##.#####.#.# #..#
#.#.#


You could see Ijyb.

Vanquished Creatures
  An adder (D:2)
  A gnoll (D:1)
  A worm (D:2)
  A giant mite (D:2)
  A giant cockroach (D:2)
  4 goblins (D:1)
  3 hobgoblins
  A quokka (D:2)
  5 bats (D:1)
  A giant newt (D:1)
  2 kobolds
  2 rats (D:1)
23 creatures vanquished.

Notes
Turn   | Place    | Note
--------------------------------------------------------------
     0 | D:1      | PolkaDot, the Vampire Enchanter, began the quest for the Orb.
     0 | D:1      | Reached XP level 1. HP: 13/13 MP: 4/4
   174 | D:1      | Reached XP level 2. HP: 19/19 MP: 5/5
   621 | D:2      | Reached XP level 3. HP: 8/24 MP: 6/6
   647 | D:2      | Learned a level 3 spell: Confuse
   709 | D:2      | Reached skill level 5 in Hexes
   716 | D:2      | Noticed Ijyb
   862 | D:2      | Killed from afar by Ijyb

Action                   || total
-------------------------++-------
Melee: Dagger            ||    42
       Short sword       ||   105
 Cast: Confuse           ||     5
  Use: Potion            ||     3
 Stab: Sleeping          ||     2
       Distracted        ||     1
       Confused          ||     6
